 Dungeon Crawl Stone Soup version 0.29.1-12-g30fa7ad0bf (webtiles) character file.

Game seed: 17440253541924992224

0 MisterFreud the Caller (level 1, 0/15 HPs)
             Began as a Formicid Wanderer on Dec 17, 2022.
             Slain by an endoplasm (1 damage)
             ... on level 1 of the Dungeon.
             The game lasted 00:00:46 (132 turns).

MisterFreud the Caller (Formicid Wanderer)           Turns: 132, Time: 00:00:46

Health: 0/15       AC:  2    Str: 13    XL:     1   Next: 11%
Magic:  1/2        EV: 11    Int: 14    God:
Gold:   0          SH:  4    Dex: 13    Spells: 1/2 levels left

rFire   . . .      SeeInvis +   a - +0 club
rCold   . . .      Faith    .   d - +0 buckler
rNeg    . . .      Spirit   .   c - +0 robe
rPois   .          Reflect  .   (helmet unavailable)
rElec   .          Harm     .   (no cloak)
rCorr   .          Rampage  .   (no gloves)
Will    .....                   (no boots)
Stlth   +.........              (no amulet)
HPRegen 0.05/turn               (no ring)
MPRegen 0.08/turn               (no ring)

@: no status effects
A: permanent stasis, dig shafts and tunnels, antennae 3, four strong arms
a: Dig, Shaft Self


You were on level 1 of the Dungeon.
You visited 1 branch of the dungeon, and saw 1 of its levels.

Inventory:

Hand Weapons
 a - a +0 club (weapon)
Armour
 c - a +0 robe (worn)
 d - a +0 buckler (worn)
Scrolls
 b - a scroll of fear
 e - a scroll of amnesia {unknown}


   Skills:
 + Level 1.1 Fighting
 + Level 1.4 Shields
 - Level 1.1 Spellcasting
 - Level 1.2 Hexes
 - Level 5.0 Summonings
 - Level 1.1 Evocations


You had one spell level left.
You knew the following spells:

 Your Spells              Type           Power      Damage    Failure   Level
a - Summon Small Mammal   Summ           56%        N/A       4%          1

Your spell library contained the following spells:

 Spells                   Type           Power      Damage    Failure   Level
 Slow                     Hex            16%        N/A       19%         1
 Call Canine Familiar     Summ           14%        N/A       12%         3
 Summon Guardian Golem    Hex/Summ       9%         N/A       26%         3
 Inner Flame              Hex/Fire       2%         N/A       58%         3


Dungeon Overview and Level Annotations

Branches:
Dungeon (1/15)

Altars:


Innate Abilities, Weirdness & Mutations

You cannot be hasted, slowed, berserked, paralysed or teleported.
You can dig through walls and to a lower floor.
You have a pair of large antennae on your head. (SInv)
Your four strong arms can wield two-handed weapons with a shield.


Message History

The kobold is severely wounded.
The kobold hits you with a +0 club.
You hit the kobold.
You kill the kobold!
No target in view!
HP restored.
Things that are here:
a +0 club; 5 stones
Found a robe.
e - a scroll labelled JOVIWE UTEUTU An endoplasm comes into view.
Found a scroll labelled GAABRI JOULYE and a scroll labelled COAR FEGAKIMISTRO.
An endoplasm is nearby!
A quokka comes into view.
The endoplasm freezes you.
You are frozen.
You hit the endoplasm.
The endoplasm is lightly wounded.
The endoplasm hits you but does no damage.
The quokka bites you but does no damage.
You hit the endoplasm but do no damage.
The endoplasm is lightly wounded.
The quokka barely misses you. The endoplasm freezes you.
You are frozen.
You completely miss the endoplasm.
The endoplasm is lightly wounded.
The quokka bites you. The endoplasm barely misses you. The quokka bites you.
The endoplasm freezes you.
You are frozen.
* * * LOW HITPOINT WARNING * * *
You are too injured to fight recklessly!
Casting: Summon Small Mammal (safe; 4% risk of failure)
Confirm with . or Enter, or press ? or * to list all spells.
The quokka bites you.
* * * LOW HITPOINT WARNING * * *
The endoplasm hits you but does no damage.
Unknown command.
The endoplasm attacks as you move away! The endoplasm hits you.
You die...

..............#.#
#.#
#...#.##.##......#
#..
##.##.##.###.#.#.#
###
...............#.#
####.#........# #
#...######## ###
##.## ##...##.###
.......@..#
.#.....rJ.#
##.#....b# ..
#....?# .# #.....#
##.#### .. ###


You could see an endoplasm (ally target), a quokka and a friendly bat
(summoned).

Vanquished Creatures
  A kobold (D:1)
1 creature vanquished.

Notes
Turn   | Place    | Note
-------+----------+-------------------------------------------
     0 | D:1      | MisterFreud the Formicid Wanderer began the quest for the
                  | Orb.
     0 | D:1      | MisterFreud set off with the following items: a +0 club, a
                  | scroll of fear, a +0 robe, a +0 buckler; and the following
                  | spells available to memorise: Summon Small Mammal, Slow,
                  | Call Canine Familiar, Summon Guardian Golem, Inner Flame.
     0 | D:1      | Reached XP level 1. HP: 15/15 MP: 2/2
     2 | D:1      | Learned a level 1 spell: Summon Small Mammal
   132 | D:1      | Slain by an endoplasm

Illustrated notes

Levels and vault maps discovered:
D:1:      lemuel_arrival_broad_hall, layout_loops_cross,
          ebering_ecumenical_altar_hall

Action                   || total
-------------------------++-------
Melee: Club              ||     6
 Cast: Summon Small Mamm ||     1
Armor: Robe              ||     4
Dodge: Dodged            ||     3
Block: Buckler           ||     1
